TOP OF THE 1ST |
Baton Rouge Brass batting - Pitching for Jersey City Tritons : RHP Jerry Kumpf
|
Pitching: RHP Jerry Kumpf
|
|
Batting: RHB Jeff Bowers
|
0-0: Ground out U3 (Groundball, 3L, EV 91.2 MPH)
|
Batting: RHB Ethan Brierley
|
0-0: Called Strike 0-1: SINGLE (Line Drive, 89S, EV 103.1 MPH)
|
Batting: LHB Stephen Goldobenko
|
0-0: Called Strike 0-1: Ball 1-1: Ball 2-1: Swinging Strike Ethan Brierley is caught stealing 2nd base 2-6 2-2: Foul Ball, location: 2F 2-2: Fly out, F8 (Flyball, 8LD, EV 105.6 MPH)
|
Top of the 1st over - 0 runs, 1 hit, 0 errors, 0 left on base; Baton Rouge 0 - Jersey City 0 |
BOTTOM OF THE 1ST |
Jersey City Tritons batting - Pitching for Baton Rouge Brass : RHP David Silva
|
Pitching: RHP David Silva
|
|
Batting: RHB José García
|
0-0: Fly out, F8 (Flyball, 8RD, EV 96.2 MPH)
|
Batting: RHB John Juanda
|
0-0: Ball 1-0: Called Strike 1-1: Called Strike 1-2: Ground out 6-3 (Groundball, 6, EV 89.4 MPH)
|
Batting: RHB Manuel Márquez
|
0-0: Foul Ball, location: 2F 0-1: Ball 1-1: Ball 2-1: Foul Ball, location: 2F 2-2: Ground out 5-3 (Groundball, 56, EV 80.6 MPH)
|
Bottom of the 1st over - 0 runs, 0 hits, 0 errors, 0 left on base; Baton Rouge 0 - Jersey City 0 |
TOP OF THE 2ND |
Baton Rouge Brass batting - Pitching for Jersey City Tritons : RHP Jerry Kumpf
|
Batting: LHB Baio Jianbua
|
0-0: Ball 1-0: Swinging Strike 1-1: Ball 2-1: Called Strike 2-2: Strikes out swinging
|
Batting: RHB John Clark
|
0-0: Ground out 3-1 (Groundball, 3S, EV 87.5 MPH)
|
Batting: LHB Luis García
|
0-0: Called Strike 0-1: Ground out 4-3 (Groundball, 4, EV 85.6 MPH)
|
Top of the 2nd over - 0 runs, 0 hits, 0 errors, 0 left on base; Baton Rouge 0 - Jersey City 0 |
BOTTOM OF THE 2ND |
Jersey City Tritons batting - Pitching for Baton Rouge Brass : RHP David Silva
|
Batting: RHB Lorenzo Varela
|
0-0: Foul Ball, location: 2F 0-1: Foul Ball, location: 2F 0-2: DOUBLE (Flyball, 8RXD, EV 101.9 MPH)
|
Batting: RHB Phil Oostermeer
|
0-0: Ball 1-0: Ball 2-0: Called Strike 2-1: Swinging Strike 2-2: Foul Ball, location: 2F 2-2: Ball 3-2: SINGLE (Groundball, 34S, EV 83.1 MPH) (infield hit) Lorenzo Varela to third
|
Batting: LHB Jarred Williamson
|
0-0: SINGLE (Line Drive, 9S, EV 91.2 MPH) Lorenzo Varela scores Phil Oostermeer to second
|
Batting: RHB Shou-chien Luo
|
0-0: Called Strike 0-1: Ball 1-1: Swinging Strike 1-2: Ball 2-2: Ball 3-2: Foul Ball, location: 2F 3-2: Foul Ball, location: 2F 3-2: Foul Ball, location: 2F 3-2: Fly out, F7 (Flyball, 78D, EV 91.2 MPH) Runner from 2nd tags up, SAFE at 3rd with throw by LF
|
Batting: RHB Bill Cobb
|
0-0: Ball 1-0: Swinging Strike 1-1: Ball 2-1: Fly out, F8 (Flyball, 8LM, EV 80.6 MPH) Runner from 3rd tags up, SCORES, no throw by CF
|
Batting: RHB Santiago Valentín
|
0-0: Ball 1-0: Foul Ball, location: 2F 1-1: Swinging Strike 1-2: Strikes out swinging
|
Bottom of the 2nd over - 2 runs, 3 hits, 0 errors, 1 left on base; Baton Rouge 0 - Jersey City 2 |
TOP OF THE 3RD |
Baton Rouge Brass batting - Pitching for Jersey City Tritons : RHP Jerry Kumpf
|
Batting: RHB Lawrence Stokes
|
0-0: Foul Ball, location: 2F 0-1: Ground out 6-3 (Groundball, 6M, EV 84.4 MPH)
|
Batting: RHB Dean Shamakani
|
0-0: Swinging Strike 0-1: Ball 1-1: Fly out, F9 (Flyball, 9LM, EV 79.4 MPH)
|
Batting: LHB Francisco Rojas
|
0-0: Ball 1-0: Called Strike 1-1: Swinging Strike 1-2: Strikes out swinging
|
Top of the 3rd over - 0 runs, 0 hits, 0 errors, 0 left on base; Baton Rouge 0 - Jersey City 2 |
BOTTOM OF THE 3RD |
Jersey City Tritons batting - Pitching for Baton Rouge Brass : RHP David Silva
|
Batting: RHB José García
|
0-0: Called Strike 0-1: Called Strike 0-2: Ball 1-2: Ball 2-2: Ball 3-2: Foul Ball, location: 2F 3-2: Foul Ball, location: 2F 3-2: Strikes out looking
|
Batting: RHB John Juanda
|
0-0: Ball 1-0: Foul Ball, location: 2F 1-1: Ground out 1-3 (Groundball, 13S, EV 70.6 MPH)
|
Batting: RHB Manuel Márquez
|
0-0: Ball 1-0: Fly out, F6 (Popup, 15, EV 78.1 MPH)
|
Bottom of the 3rd over - 0 runs, 0 hits, 0 errors, 0 left on base; Baton Rouge 0 - Jersey City 2 |
TOP OF THE 4TH |
Baton Rouge Brass batting - Pitching for Jersey City Tritons : RHP Jerry Kumpf
|
Batting: RHB Jeff Bowers
|
0-0: Called Strike 0-1: Fly out, F8 (Line Drive, 8RD, EV 90.0 MPH)
|
Batting: RHB Ethan Brierley
|
0-0: Called Strike 0-1: Ball 1-1: Ball 2-1: Swinging Strike 2-2: Ball 3-2: Foul Ball, location: 2F 3-2: SINGLE (Line Drive, 78S, EV 107.5 MPH)
|
Batting: LHB Stephen Goldobenko
|
0-0: Ball 1-0: Ball 2-0: Called Strike 2-1: Ball 3-1: Fly out, F2 (Popup, 2L, EV 90.0 MPH)
|
Batting: LHB Baio Jianbua
|
0-0: Called Strike 0-1: Called Strike 0-2: Ball 1-2: Fly out, F9 (Flyball, 89M, EV 85.0 MPH)
|
Top of the 4th over - 0 runs, 1 hit, 0 errors, 1 left on base; Baton Rouge 0 - Jersey City 2 |
BOTTOM OF THE 4TH |
Jersey City Tritons batting - Pitching for Baton Rouge Brass : RHP David Silva
|
Batting: RHB Lorenzo Varela
|
0-0: Ball 1-0: Called Strike 1-1: Foul Ball, location: 2F 1-2: SOLO HOME RUN (Line Drive, 7D, EV 106.2 MPH), Distance : 394 ft
|
Batting: RHB Phil Oostermeer
|
0-0: Fly out, F8 (Flyball, 89S, EV 78.1 MPH)
|
Batting: LHB Jarred Williamson
|
0-0: Ball 1-0: Foul Ball, location: 2F 1-1: Swinging Strike 1-2: Foul Ball, location: 2F 1-2: Strikes out looking
|
Batting: RHB Shou-chien Luo
|
0-0: Called Strike 0-1: Ball 1-1: Foul Ball, location: 2F 1-2: Fly out, F8 (Flyball, 8LM, EV 84.4 MPH)
|
Bottom of the 4th over - 1 run, 1 hit, 0 errors, 0 left on base; Baton Rouge 0 - Jersey City 3 |
TOP OF THE 5TH |
Baton Rouge Brass batting - Pitching for Jersey City Tritons : RHP Jerry Kumpf
|
Batting: RHB John Clark
|
0-0: Foul Ball, location: 2F 0-1: Ground out 5-3 (Groundball, 56, EV 88.1 MPH)
|
Batting: LHB Luis García
|
0-0: Foul Ball, location: 2F 0-1: Swinging Strike 0-2: Strikes out looking
|
Batting: RHB Lawrence Stokes
|
0-0: Swinging Strike 0-1: Ball 1-1: Called Strike 1-2: Foul Ball, location: 2F 1-2: Ball 2-2: SINGLE (Groundball, 34D, EV 101.9 MPH)
|
Batting: RHB Dean Shamakani
|
0-0: Fly out, F7 (Line Drive, 7, EV 93.1 MPH)
|
Top of the 5th over - 0 runs, 1 hit, 0 errors, 1 left on base; Baton Rouge 0 - Jersey City 3 |
BOTTOM OF THE 5TH |
Jersey City Tritons batting - Pitching for Baton Rouge Brass : RHP David Silva
|
Batting: RHB Bill Cobb
|
0-0: Called Strike 0-1: Ball 1-1: Ball 2-1: Foul Ball, location: 2F 2-2: Ground out 6-3 (Groundball, 56, EV 78.8 MPH)
|
Batting: RHB Santiago Valentín
|
0-0: Ball 1-0: Foul Ball, location: 2F 1-1: Swinging Strike 1-2: Strikes out swinging
|
Batting: RHB José García
|
0-0: Ball 1-0: Ball 2-0: Ball 3-0: Called Strike 3-1: Ground out 1-3 (Groundball, 23, EV 85.6 MPH)
|
Bottom of the 5th over - 0 runs, 0 hits, 0 errors, 0 left on base; Baton Rouge 0 - Jersey City 3 |
TOP OF THE 6TH |
Baton Rouge Brass batting - Pitching for Jersey City Tritons : RHP Jerry Kumpf
|
Batting: LHB Francisco Rojas
|
0-0: Ground out 4-3 (Groundball, 4, EV 86.2 MPH)
|
Batting: RHB Jeff Bowers
|
0-0: Called Strike 0-1: Ball 1-1: Ball 2-1: Ground out 5-3 (Groundball, 56, EV 105.6 MPH)
|
Batting: RHB Ethan Brierley
|
0-0: Foul Ball, location: 2F 0-1: Foul Ball, location: 2F 0-2: Ball 1-2: Ball 2-2: Strikes out swinging
|
Top of the 6th over - 0 runs, 0 hits, 0 errors, 0 left on base; Baton Rouge 0 - Jersey City 3 |
BOTTOM OF THE 6TH |
Jersey City Tritons batting - Pitching for Baton Rouge Brass : RHP David Silva
|
Batting: RHB John Juanda
|
0-0: Ball 1-0: Foul Ball, location: 2F 1-1: Ball 2-1: Ground out 6-3 (Groundball, 6M, EV 107.5 MPH)
|
Pitching: RHP Aksel Svendsen
|
|
Batting: RHB Manuel Márquez
|
0-0: Ball 1-0: Swinging Strike 1-1: Swinging Strike 1-2: Ball 2-2: Foul Ball, location: 2F 2-2: SINGLE (Groundball, 6D, EV 95.6 MPH)
|
Batting: RHB Lorenzo Varela
|
0-0: SINGLE (Groundball, 56D, EV 107.5 MPH) Manuel Márquez to second
|
Batting: RHB Phil Oostermeer
|
0-0: Fly out, F9 (Line Drive, 9, EV 90.6 MPH)
|
Batting: LHB Jarred Williamson
|
0-0: Ball 1-0: Called Strike 1-1: Swinging Strike 1-2: Strikes out swinging
|
Bottom of the 6th over - 0 runs, 2 hits, 0 errors, 2 left on base; Baton Rouge 0 - Jersey City 3 |
TOP OF THE 7TH |
Baton Rouge Brass batting - Pitching for Jersey City Tritons : RHP Jerry Kumpf
|
Batting: LHB Stephen Goldobenko
|
0-0: Foul Ball, location: 2F 0-1: Fly out, F8 (Line Drive, 8RM, EV 94.4 MPH)
|
Batting: LHB Baio Jianbua
|
0-0: Swinging Strike 0-1: Swinging Strike 0-2: Strikes out swinging
|
Batting: RHB John Clark
|
0-0: Ball 1-0: Foul Ball, location: 2F 1-1: Ball 2-1: Called Strike 2-2: Fly out, F9 (Flyball, 9, EV 96.9 MPH)
|
Top of the 7th over - 0 runs, 0 hits, 0 errors, 0 left on base; Baton Rouge 0 - Jersey City 3 |
BOTTOM OF THE 7TH |
Jersey City Tritons batting - Pitching for Baton Rouge Brass : RHP Aksel Svendsen
|
Batting: RHB Shou-chien Luo
|
0-0: Called Strike 0-1: Ground out 5-3 (Groundball, 5, EV 75.6 MPH)
|
Batting: RHB Bill Cobb
|
0-0: Called Strike 0-1: Ball 1-1: Foul Ball, location: 2F 1-2: Ground out 4-3 (Groundball, 4M, EV 82.5 MPH)
|
Batting: RHB Santiago Valentín
|
0-0: Ball 1-0: Called Strike 1-1: Foul Ball, location: 2F 1-2: Ball 2-2: Ball 3-2: Fly out, F8 (Flyball, 8RD, EV 105.6 MPH)
|
Bottom of the 7th over - 0 runs, 0 hits, 0 errors, 0 left on base; Baton Rouge 0 - Jersey City 3 |
TOP OF THE 8TH |
Baton Rouge Brass batting - Pitching for Jersey City Tritons : RHP Jerry Kumpf
|
Batting: LHB Luis García
|
0-0: Ball 1-0: Swinging Strike 1-1: Called Strike 1-2: Strikes out looking
|
Batting: RHB Lawrence Stokes
|
0-0: Swinging Strike 0-1: Ball 1-1: Foul Ball, location: 2F 1-2: Ball 2-2: Fly out, F7 (Flyball, 7LS, EV 85.0 MPH)
|
Batting: RHB Dean Shamakani
|
0-0: DOUBLE (Line Drive, 9LS, EV 107.5 MPH)
|
Batting: LHB Francisco Rojas
|
0-0: Ground out 1-3 (Groundball, P, EV 80.6 MPH)
|
Top of the 8th over - 0 runs, 1 hit, 0 errors, 1 left on base; Baton Rouge 0 - Jersey City 3 |
BOTTOM OF THE 8TH |
Jersey City Tritons batting - Pitching for Baton Rouge Brass : RHP Aksel Svendsen
|
Batting: RHB José García
|
0-0: Ball 1-0: Foul Ball, location: 2F 1-1: Swinging Strike 1-2: Ball 2-2: Foul Ball, location: 2F 2-2: Ball 3-2: SINGLE (Groundball, 34D, EV 101.9 MPH)
|
Batting: RHB John Juanda
|
0-0: Ball José García steals 2nd base 1-0: Called Strike 1-1: Called Strike 1-2: Strikes out swinging
|
Batting: RHB Manuel Márquez
|
0-0: Called Strike José García is caught stealing 3rd base 2-5 0-1: Hit by Pitch
|
Batting: RHB Lorenzo Varela
|
0-0: 2-RUN HOME RUN (Flyball, 7D, EV 109.4 MPH), Distance : 370 ft
|
Batting: RHB Phil Oostermeer
|
0-0: Ball 1-0: Ball 2-0: Swinging Strike 2-1: Ground out 4-3 (Groundball, 34, EV 107.5 MPH)
|
Bottom of the 8th over - 2 runs, 2 hits, 0 errors, 0 left on base; Baton Rouge 0 - Jersey City 5 |
TOP OF THE 9TH |
Baton Rouge Brass batting - Pitching for Jersey City Tritons : RHP Jerry Kumpf
|
Batting: RHB Jeff Bowers
|
0-0: Ground out 4-3 (Groundball, 4, EV 80.0 MPH)
|
Batting: RHB Ethan Brierley
|
0-0: Ball 1-0: Ball 2-0: Swinging Strike 2-1: Foul Ball, location: 2F 2-2: Ground out U3 (Groundball, 34, EV 91.9 MPH)
|
Batting: LHB Stephen Goldobenko
|
0-0: Called Strike 0-1: Ball 1-1: Ground out 4-3 (Groundball, 4M, EV 103.1 MPH)
|
Top of the 9th over - 0 runs, 0 hits, 0 errors, 0 left on base; Baton Rouge 0 - Jersey City 5 |
|